 Dungeon Crawl Stone Soup version 0.30-a0-123-g91d0c66ccf (webtiles) character file.

Game seed: 8972348613078955908

396 jlumianski the Chopper (level 6, -3/37 HPs)
             Began as a Gargoyle Gladiator on Sept 18, 2022.
             Slain by an ogre
             ... wielding a +0 giant club
              (7 damage)
             ... on level 3 of the Dungeon.
             The game lasted 00:22:19 (5897 turns).

jlumianski the Chopper (Gargoyle Gladiator)         Turns: 5897, Time: 00:22:20

Health: -3/37      AC: 14    Str: 20    XL:     6   Next: 83%
Magic:  0/6        EV:  8    Int:  8    God:
Gold:   194        SH:  0    Dex: 11    Spells: 5/5 levels left

rFire   . . .      SeeInvis .    a - +0 war axe
rCold   . . .      Faith    .    (no shield)
rNeg    + . .      Spirit   +    C - +0 chain mail
rPois   ∞          Reflect  .    c - +0 helmet
rElec   +          Harm     .    (no cloak)
rCorr   .          Rampage  .    (no gloves)
Will    .....                    (no boots)
Stlth   ..........               q - amulet of guardian spirit
HPRegen 0.12/turn                (no ring)
MPRegen 0.10/turn                (no ring)

@: no status effects
A: sickness immunity, AC +4, negative energy resistance 1, electricity
resistance, torment resistance 1, petrification resistance
a: no special abilities


You were on level 3 of the Dungeon.
You visited 1 branch of the dungeon, and saw 5 of its levels.

You collected 259 gold pieces.
You spent 65 gold pieces at shops.

Inventory:

Hand Weapons
 a - a +0 war axe (weapon)
Missiles
 d - a throwing net (quivered)
 h - 4 javelins
 n - 3 datura-tipped darts
 o - 2 curare-tipped darts
 x - 10 boomerangs
 B - 6 poisoned darts
Armour
 b - a +0 leather armour
 c - a +0 helmet (worn)
 t - a +0 scale mail
 C - a +0 chain mail (worn)
 D - a +0 cloak
Magical Staves
 w - a staff of poison
Jewellery
 i - a ring of fire
 l - a ring of wizardry
 q - an amulet of guardian spirit (around neck)
 r - a ring of fire
Scrolls
 e - 2 scrolls of fog {unknown}
 f - a scroll of identify
 k - a scroll of enchant armour {unknown}
 u - a scroll of vulnerability
 y - a scroll of poison
Potions
 j - a potion of haste
 m - a potion of magic
 p - a potion of mutation
 s - 2 potions of curing
 v - a potion of resistance
 z - a potion of cancellation {unknown}
 A - a potion of brilliance


   Skills:
 + Level 3.5 Fighting
 + Level 4.6 Axes
 + Level 2.3 Throwing
 + Level 3.3 Armour
 + Level 3.1 Dodging
 + Level 1.4 Stealth


You had 5 spell levels left.
You didn't know any spells.
Your spell library contained the following spells:

 Spells                   Type           Power      Damage    Failure   Level
 Foxfire                  Conj/Fire      0%         2x1d4     99%         1
 Sting                    Tmut/Pois      0%         1d3       99%         1
 Poisonous Vapours        Pois/Air       0%         N/A       100%        2
 Dazzling Flash           Conj/Hex       0%         N/A       100%        3
 Inner Flame              Hex/Fire       0%         N/A       100%        3
 Kindle Blastsparks       Fire/Tloc/Air  0%         2d10      100%        3
 Ozocubu's Armour         Ice            0%         N/A       100%        3
 Flame Wave               Conj/Fire      0%         2d4       100%        4
 Iskenderun's Mystic Bla  Conj/Tloc      0%         2d3       100%        4
 Olgreb's Toxic Radiance  Pois           0%         N/A       100%        4
 Starburst                Conj/Fire      0%         6d3       100%        6
 Ozocubu's Refrigeration  Ice            0%         4d7       100%        7


Dungeon Overview and Level Annotations

Branches:
Dungeon (5/15)
 Temple: D:4-7

Altars:
Cheibriados
Elyvilon

Shops:
D:4 [   D:5 [!

Portals:
Abyss: D:4

Annotations:
D:4 2 transporters, LnG's ghost, amateur HOFi


Innate Abilities, Weirdness & Mutations

You are immune to sickness and miasma.
Your stone body is resilient. (AC +4)
You are immune to poison.
You resist negative energy. (rN+)
You are resistant to electric shocks. (rElec)
You are resistant to unholy torment.
You are immune to petrification.


Message History

Unknown command.
There is a stone staircase leading down here.
You climb downwards.
Level annotation: 2 transporters, LnG's ghost, amateur HOFi The ogre closely misses you.
There is a stone staircase leading up here.
The ogre barely misses you.
You climb upwards.
There is a stone staircase leading down here.
You hit the ogre but do no damage. The ogre hits you with a +0 giant club!
You slash the ogre!
The ogre is moderately wounded.
The ogre closely misses you.
You hit the ogre.
The ogre is heavily wounded.
You barely miss the ogre.
The ogre is heavily wounded.
The ogre misses you.
You hit the ogre.
The ogre is heavily wounded.
The ogre hits you with a +0 giant club!
You hit the ogre but do no damage.
The ogre is heavily wounded.
The ogre hits you but does no damage.
You hit the ogre.
The ogre is heavily wounded.
The ogre completely misses you.
You slash the ogre!
The ogre is almost dead.
The ogre hits you with a +0 giant club!!
* * * LOW HITPOINT WARNING * * *
You barely miss the ogre.
The ogre is almost dead.
The ogre closely misses you.
You barely miss the ogre.
The ogre is almost dead.
You closely miss the ogre.
The ogre is almost dead.
The ogre hits you with a +0 giant club!
You die...

# ##.# #.#........#####...#....##
#.##.###.#.......## ##.#####...
#P.#.....##)###### #.# ####
#.P#.##........# #.# ######
#..#.##.###.##.# ##'###.....
#.##.##.# #.##.### ##<..##.....
#..#.##e# #......# ##........###
#.P#.##.# #......# ##.........#.P
#..#.##.###.#...@###..........#.P
#P##............O..)..........#bP
# ##.######.#....###..........###
# #.# #.##.#># ##............ #
#)# #....).# ##.....#..... # #.#
####.### ##...####### ####.# #.#
##'## .....# #.# #.# ###### #.#
#.#


You could see an ogre.

Vanquished Creatures
  Duvessa (D:3)
  A necrophage (D:4)
  Dowan (D:4)
  A gnoll bouda (D:4)
  2 iguanas (D:4)
  3 adders
  A worm (D:2)
  3 dart slugs (D:3)
  8 orcs
  7 endoplasms
  3 giant cockroaches
  6 goblins
  7 hobgoblins
  4 quokkas
  2 ball pythons (D:3)
  5 bats
  3 frilled lizards
  9 kobolds
  5 rats
72 creatures vanquished.

Notes
Turn   | Place    | Note
-------+----------+-------------------------------------------
     0 | D:1      | jlumianski the Gargoyle Gladiator began the quest for the
                  | Orb.
     0 | D:1      | Reached XP level 1. HP: 12/12 MP: 1/1
   326 | D:2      | Reached XP level 2. HP: 17/18 MP: 2/2
   638 | D:2      | Reached skill level 3 in Axes
  1214 | D:1      | Reached XP level 3. HP: 22/22 MP: 3/3
  1260 | D:1      | Found a faded altar of an unknown god.
  2566 | D:4      | Noticed Dowan
  2567 | D:4      | Noticed Duvessa
  2740 | D:3      | Reached XP level 4. HP: 20/27 MP: 4/4
  2957 | D:4      | Found a snail-covered altar of Cheibriados.
  3037 | D:3      | Reached skill level 1 in Armour
  3965 | D:4      | Killed Dowan
  3966 | D:4      | Reached XP level 5. HP: 21/32 MP: 3/5
  4027 | D:4      | Found a transporter.
  4102 | D:4      | Found a transporter.
  4111 | D:4      | Found a one-way gate to the infinite horrors of the Abyss.
  4111 | D:4      | Noticed LnG's ghost (amateur HOFi)
  4181 | D:4      | Found Akkeoric's Armour Shoppe.
  4274 | D:4      | Noticed a small abomination
  4297 | D:5      | Entered Level 5 of the Dungeon
  4297 | D:5      | Found Ycotet's Distillery.
  4300 | D:5      | Bought a potion of heal wounds for 65 gold pieces
  4366 | D:5      | Found Tanigos's Antique Armour Emporium.
  4369 | D:5      | Noticed an ogre
  4620 | D:3      | Killed Duvessa
  4621 | D:3      | Reached skill level 4 in Axes
  4621 | D:3      | Reached skill level 1 in Stealth
  4621 | D:3      | Reached XP level 6. HP: 11/37 MP: 3/6
  4854 | D:4      | Found a white marble altar of Elyvilon.
  5270 | D:4      | HP: 1/37 [gnoll bouda/+0 club (4)]
  5563 | D:5      | HP: 1/37 [gnoll/+2 halberd of freezing[a gnoll bouda] (1)]
  5897 | D:3      | Slain by an ogre

Illustrated notes

Levels and vault maps discovered:
D:1:      lightli_arrival_statue_moat, layout_basic,
          shapermc_ecumenical_altar_notcrosses,
          wander_ebering_terrifying_dragon_lair
D:2:      layout_loops_ring
D:3:      layout_loops_corners, serial_aquarium, aquarium_bridge_long_joined
          [aquarium_subvault_wall, aquarium_subvault_bridge,
          aquarium_subvault_bridge, aquarium_subvault_bridge,
          aquarium_subvault_wall, aquarium_subvault_wall],
          aquarium_window_corridor_1, aquarium_window_2, aquarium_view_2d,
          aquarium_balcony_double_4, aquarium_pool_2
D:4:      layout_basic, mainiacjoe_overflow_large_starburst, serial_shops,
          shop_fountains, gammafunk_ghost_abyssal_escape, grunt_tough_drop,
          uniq_duvessa
D:5:      layout_loops_corners, serial_shops, nicolae_shop_advertising_works
          [nicolae_subvault_shop_adworks], shop, nicolae_shop_trees,
          nicolae_stop_n_shop_2, uniq_prince_ribbit1

Skill      XL: |  1  2  3  4  5  6 |
---------------+-------------------+-----
Axes           | 3 4 |  4.6
Armour         | 1 2 3 |  3.3
Fighting       | 3 |  3.5
Dodging        | 3 |  3.1
Throwing       | 2 |  2.3
Stealth        | 1 |  1.4

Action                   |  1- 3 |  4- 6 || total
-------------------------+-------+-------++-------
Melee: War axe           |   112 |   117 ||   229
       Punch             |     1 |       ||     1
Throw: Dart              |       |    11 ||    11
       Javelin           |       |     1 ||     1
       Throwing net      |       |     2 ||     2
  Use: Scroll            |       |    11 ||    11
       Potion            |       |     7 ||     7
 Stab: Sleeping          |     2 |       ||     2
       Held in net/web   |       |     1 ||     1
Armor: Leather armour    |    44 |       ||    44
       Scale mail        |     9 |     8 ||    17
       Chain mail        |       |    54 ||    54
Dodge: Dodged            |    84 |    75 ||   159

Table legend: (Time is in decaauts)
 A = Elapsed time spent in this place.
 B = Non-inter-level travel time spent in this place.
 C = Inter-level travel time spent in this place.
 D = Time resting spent in this place.
 E = Time spent auto-exploring this place.
 F = Levels seen in this place.
 G = Mean time per level.
                   A        B        C        D        E       F      G
               +--------+--------+--------+--------+--------+-----+--------+
         Total |   5947 |   5807 |    140 |   1172 |   2758 |   5 | 1189.4 |
       Dungeon |   5947 |   5807 |    140 |   1172 |   2758 |   5 | 1189.4 |
               +--------+--------+--------+--------+--------+-----+--------+

Top non-repeatable levels by time:
     D:3: 2067 daAuts
     D:1: 1466 daAuts
     D:2: 1115 daAuts
     D:4: 1022 daAuts
     D:5: 274 daAuts
